 Dungeon Crawl Stone Soup version 0.21-a0-283-g622b906 (webtiles) character file.

108 Blackbelt the Conjurer (level 4, 0/33 HPs)
             Began as a Demigod Conjurer on Sept 25, 2017.
             Succumbed to a gnoll's poison
             ... on level 3 of the Dungeon.
             The game lasted 00:05:15 (1739 turns).

Blackbelt the Conjurer (Demigod Conjurer)           Turns: 1739, Time: 00:05:16

Health: 0/33       AC:  3    Str:  9 (11) XL:     4   Next: 33%
Magic:  3/9        EV: 12    Int: 20 (23) God:
Gold:   232        SH:  0    Dex: 15 (16) Spells: 3/6 levels left

rFire    . . .     SeeInvis .   (no weapon)
rCold    . . .     Gourm    .   (no shield)
rNeg     . . .     Faith    .   a - +1 robe
rPois    .         Spirit   .   (no helmet)
rElec    .         Reflect  .   (no cloak)
rCorr    .         Harm     .   (no gloves)
MR       .....                  (no boots)
Stlth    ++........             (no amulet)
HPRegen  0.11/turn              n - +2 ring of intelligence
MPRegen  0.11/turn              (no ring)

@: lethally poisoned (0 -> -6), flying
A: high mp 1
a: no special abilities


You were on level 3 of the Dungeon.
You were hungry.

You visited 1 branch of the dungeon, and saw 3 of its levels.

You collected 232 gold pieces.

Inventory:

Armour
 a - a +1 robe (worn)
Jewellery
 n - a +2 ring of intelligence (left hand)
Scrolls
 d - a scroll of fear
 g - a scroll of remove curse
 k - a scroll of enchant armour
 p - a scroll of identify
Books
 b - a book of Conjurations

   Spells                             Type                      Level
   a - Magic Dart                     Conjuration                  1
   b - Searing Ray                    Conjuration                  2
   c - Dazzling Spray                 Conjuration/Hexes            3
   d - Fulminant Prism                Conjuration/Hexes            4
   e - Force Lance                    Conjuration/Translocation    4
   f - Iskenderun's Mystic Blast      Conjuration                  4
Comestibles
 c - 5 bread rations
 f - a royal jelly
 l - 3 fruits


   Skills:
 - Level 1.7 Dodging
 - Level 1.7 Stealth
 - Level 1.7 Spellcasting
 + Level 5.5 Conjurations


You had 3 spell levels left.
You knew the following spells:

 Your Spells              Type           Power        Failure   Level  Hunger
a - Magic Dart            Conj           ###.         1%          1    #......
b - Searing Ray           Conj           ###...       2%          2    ###....


Dungeon Overview and Level Annotations

Branches:
Dungeon (3/15)


Innate Abilities, Weirdness & Mutations

You have an increased reservoir of magic. (+10% MP)


Message History

You hear a loud clanging noise!
It was a scroll of noise.
You hear a shout! x2
As you read the scroll labeled UQIAM XIRUSET, it crumbles to dust.
It is a scroll of identify.
You don't have any unidentified items.
* * * LOW HITPOINT WARNING * * *
You feel sick.
There is a lethal amount of poison in your body!
There is a lethal amount of poison in your body!
There is a lethal amount of poison in your body!
There is a lethal amount of poison in your body!
There is a lethal amount of poison in your body!
* * * LOW HITPOINT WARNING * * *
You feel sick.
* * * LOW HITPOINT WARNING * * *
You feel sick.
* * * LOW HITPOINT WARNING * * *
You feel sick.
You die...

*,,,,,,*,,**,*####.##....##
*,***,**,,**,,...........#* *,*
*,,,,,****####.#.....#,
*****,***,,,,,* #....#.##,
*,,,,,,**######### #.##.#.##.
*,.,,,,* #...>...# #.##......
*,..g,,* #.#####.#####.........
*,..r..###.#####.#........####.
*,........†.).@..#......#.# *#
**.####.†#####.#.#......### *
*,,.....* #.#.#......# *
*,##.#..****#.#.#...)..# * *
*,..,.#.*,,,..#........#
****.#*###.*,**#####......#
,,,*,*,,,).,,* ########
,*,***,**#.*,* ,,,,,,,* *,*,*


There were no monsters in sight!

Vanquished Creatures
  3 adders
  3 gnolls (D:3)
  An ooze (D:2)
  A leopard gecko (D:3)
  10 bats
  3 giant cockroaches
  3 goblins
  6 hobgoblins
  4 jackals (D:3)
  3 kobolds (D:1)
  2 quokkas (D:2)
  A ball python (D:2)
  4 frilled lizards
  4 rats
48 creatures vanquished.

Notes
Turn   | Place    | Note
-------+----------+-------------------------------------------
     0 | D:1      | Blackbelt the Demigod Conjurer began the quest for the Orb.
     0 | D:1      | Reached XP level 1. HP: 14/14 MP: 5/5
   258 | D:1      | Reached skill level 4 in Conjurations
   287 | D:1      | Found a glowing golden altar of the Shining One.
   583 | D:1      | Reached XP level 2. HP: 20/20 MP: 5/7
  1003 | D:2      | Reached XP level 3. HP: 26/26 MP: 4/8
  1122 | D:2      | Learned a level 2 spell: Searing Ray
  1217 | D:2      | Found a white marble altar of Elyvilon.
  1473 | D:3      | Reached skill level 5 in Conjurations
  1719 | D:3      | Reached XP level 4. HP: 33/33 MP: 4/9
  1735 | D:3      | HP: 1/33 [poisoned by a gnoll]
  1739 | D:3      | Succumbed to a gnoll's poison

Vault maps used:
D:1:      eino_arrival_cavern_a, tso_metal_star
D:2:      elyvilon_altar_3, first_bread
D:3:      marbit_many_paths, uniq_natasha

Skill      XL: |  1  2  3 |
---------------+----------+-----
Conjurations   | 4 5 |  5.5
Dodging        | |  1.7
Stealth        | |  1.7
Spellcasting   | |  1.7

Action                   |  1- 3 |  4- 6 || total
-------------------------+-------+-------++-------
Melee: Unarmed           |     1 |       ||     1
 Cast: Magic Dart        |    80 |     1 ||    81
       Searing Ray       |     3 |       ||     3
  Use: Scroll            |       |     8 ||     8
       Potion            |       |     2 ||     2
  Eat: Chunk             |     3 |       ||     3
Armor: Robe              |     9 |       ||     9
Dodge: Dodged            |    15 |     1 ||    16

Table legend:
 A = Spawn XP
 B = Non-spawn XP
 C = Spawn XP percentage of total XP
 D = Spawn monster count
 E = Non-spawn monster count
 F = Spawn count percentage of total count
 G = Total turns spent on level
                    A         B        C        D         E        F      G
               +---------+---------+-------+---------+---------+-------+---------
         Total |       0 |     155 |   0.0 |       0 |      48 |   0.0 |  1739
               +---------+---------+-------+---------+---------+-------+---------
           D:1 |       0 |      15 |   0.0 |       0 |      11 |   0.0 |   785
           D:2 |       0 |      66 |   0.0 |       0 |      24 |   0.0 |   675
           D:3 |       0 |      74 |   0.0 |       0 |      13 |   0.0 |   279
               +---------+---------+-------+---------+---------+-------+---------
